 Dungeon Crawl Stone Soup version 0.23-a0-577-g2b1de94 (webtiles) character file.

2900 oddzbodkins the Changer (level 9, -4/84 HPs)
             Began as an Ogre Transmuter on Dec 15, 2018.
             Was a Priest of Makhleb.
             Slain by a two-headed ogre
             ... wielding a +0 giant spiked club
              (20 damage)
             ... on level 8 of the Dungeon.
             The game lasted 00:55:38 (9785 turns).

oddzbodkins the Changer (Ogre Transmuter)           Turns: 9785, Time: 00:55:38

Health: -4/84      AC:  5    Str: 20    XL:     9   Next: 77%
Magic:  15/15      EV: 10    Int: 14    God:    Makhleb [***...]
Gold:   348        SH:  0    Dex: 12    Spells: 6/16 levels left

rFire    . . .     SeeInvis .   D - +7 flail (protect)
rCold    . . .     Gourm    .   (no shield)
rNeg     . . .     Faith    .   b - +0 robe
rPois    .         Spirit   .   (helmet restricted)
rElec    .         Reflect  .   x - +1 cloak
rCorr    .         Harm     +   (gloves unavailable)
MR       .....                  (boots unavailable)
Stlth    ++........             y - amulet of harm
HPRegen  0.24/turn              p - +4 ring of strength
MPRegen  0.14/turn              G - ring of stealth

@: no status effects
A: large, unfitting armour, tough skin 1
a: Minor Destruction, Lesser Servant of Makhleb, Renounce Religion


You were on level 8 of the Dungeon.
You worshipped Makhleb.
Makhleb was most pleased with you.
You were hungry.

You visited 1 branch of the dungeon, and saw 8 of its levels.

You collected 390 gold pieces.
You spent 42 gold pieces at shops.

Inventory:

Hand Weapons
 s - a +0 trident
 D - a +7 flail of protection (weapon)
Missiles
 a - 63 arrows
 h - 277 stones
 i - 4 tomahawks
 w - 7 javelins (quivered)
Armour
 b - a +0 robe (worn)
 x - a +1 cloak (worn)
Jewellery
 p - a +4 ring of strength (left hand)
 q - an uncursed ring of ice
 y - an amulet of harm (around neck)
 G - a ring of stealth (right hand)
Wands
 u - a wand of paralysis (13)
 E - a wand of disintegration (8)
 F - a wand of iceblast (19)
Scrolls
 c - a scroll of remove curse
 e - a scroll of teleportation {unknown}
 f - 2 scrolls of immolation
 g - a scroll of fog {unknown}
 k - 3 scrolls of fear
 l - 3 scrolls of amnesia
 C - a scroll of random uselessness {unknown}
 I - a scroll of blinking {unknown}
 K - a scroll of enchant weapon
Potions
 j - 6 potions of curing
 m - 3 potions of heal wounds
 n - a potion of flight
 o - a potion of lignification
 r - a potion of might
 v - 2 potions of magic
 z - 2 potions of brilliance
 A - a potion of invisibility
 B - a potion of cancellation {unknown}
 H - a potion of agility {unknown}
 J - a potion of mutation {unknown}
Comestibles
 d - 9 rations
 t - a chunk of flesh


   Skills:
 - Level 4.3 Fighting
 + Level 2.5 Dodging
 - Level 0.1 Stealth
 - Level 5.2 Unarmed Combat
 - Level 4.0 Spellcasting
 + Level 7.5 Transmutations
 * Level 4.8 Ice Magic
 - Level 5.0 Poison Magic


You had 6 spell levels left.
You knew the following spells:

 Your Spells              Type           Power        Failure   Level  Hunger
a - Beastly Appendage     Tmut           ###...       1%          1    None
b - Sticks to Snakes      Tmut           ###.....     1%          2    ##.....
c - Spider Form           Tmut/Pois      ###.......   4%          3    ###....
d - Ice Form              Ice/Tmut       ###.....     16%         4    ####...

Your spell library contained the following spells:

 Spells                   Type           Power        Failure   Level  Hunger
 Animate Skeleton         Necr           N/A          19%         1    None
 Apportation              Tloc           #.....       19%         1    None
 Confusing Touch          Hex            #.....       19%         1    None
 Summon Small Mammal      Summ           #...         19%         1    None
 Blade Hands              Tmut           ###.......   24%         5    ######.


Dungeon Overview and Level Annotations

Branches:
Dungeon (8/15)             Temple (0/1) D:7
   Lair: D:8-11

Altars:
Ashenzari
Dithmenos
Hepliaklqana
Kikubaaqudgha
Makhleb
Sif Muna
Uskayaw
Vehumet
Yredelemnul

Shops:
D:5 (   D:7 !

Annotations:
D:2 exclusion: downstairs
D:3 Sigmund
D:8 exclusion: door


Innate Abilities, Weirdness & Mutations

You are too large for most types of armour.
You have tough skin. (AC +1)


Message History

You hit the two-headed ogre but do no damage.
The two-headed ogre is severely wounded.
The helpless two-headed ogre fails to defend itself.
You sock the two-headed ogre!
The two-headed ogre is severely wounded.
The helpless two-headed ogre fails to defend itself.
You sock the two-headed ogre!
The two-headed ogre is almost dead.
The two-headed ogre is no longer paralysed.
The two-headed ogre closely misses you.
The two-headed ogre hits you with a +0 giant spiked club!
You barely miss the two-headed ogre.
The two-headed ogre is almost dead.
The two-headed ogre hits you with a +0 giant spiked club!!!
Ouch! That really hurt!
The two-headed ogre hits you with a +0 giant spiked club!
* * * LOW HITPOINT WARNING * * *
You are feeling hungry.
The two-headed ogre hits you with a +0 giant spiked club!
You die...

#.#..##
##.##..##########
#...##.........>#
##+######.####### #.#
#.######## #.#......#
##### ####.#.####.#
#...# #.O@.....##.#
#.##### ###.##.#.#....#
#.#<..###.#.##.#.#.####
#.#.#.##..#.##.#.####
#.#.#.....#.##.#....####
#.#.####.##.##.#.......#
#.#.# #.##.##.#.....#.#
#.#.####.##.##.#######.#
#.........#.##.........#


You could see a two-headed ogre.

Vanquished Creatures
  A hippogriff (D:7)
  2 wraiths (D:7)
  Edmund (D:4)
  An orc warrior (D:7)
  A black bear (D:7)
  5 ogres
  3 ice beasts
  A necrophage (D:7)
  A centaur (D:5)
  2 bullfrogs (D:6)
  A wight (D:7)
  A howler monkey (D:7)
  2 crimson imps
  2 hounds
  A jelly (D:7)
  3 human zombies (D:7)
  5 orc priests
  A centaur skeleton (D:5)
  Jessica (D:3)
  An iguana (D:5)
  6 orc wizards
  6 worker ants
  A killer bee zombie (D:7)
  An ogre zombie (D:7)
  A hound zombie (D:7)
  A hound skeleton (D:7)
  3 mummies (D:7)
  5 adders
  3 shadow imps
  An ooze (D:6)
  A worm (D:2)
  2 dart slugs
  7 leopard geckos
  17 orcs
  6 giant cockroaches
  3 goblins
  6 hobgoblins
  3 jackals (D:2)
  5 quokkas
  6 bats
  5 frilled lizards
  10 kobolds
  An orc skeleton (D:7)
  9 rats
145 creatures vanquished.

Vanquished Creatures (collateral kills)
  An orc wizard (D:3)
1 creature vanquished.

Grand Total: 146 creatures vanquished

Notes
Turn   | Place    | Note
-------+----------+-------------------------------------------
     0 | D:1      | oddzbodkins the Ogre Transmuter began the quest for the
                  | Orb.
     0 | D:1      | Reached XP level 1. HP: 19/19 MP: 3/3
   153 | D:1      | Reached XP level 2. HP: 25/27 MP: 3/5
   157 | D:1      | Learned a level 2 spell: Sticks to Snakes
  1437 | D:1      | Reached XP level 3. HP: 25/33 MP: 4/6
  1556 | D:2      | Found a burning altar of Makhleb.
  1572 | D:2      | Became a worshipper of Makhleb the Destroyer
  1589 | D:2      | Learned a level 3 spell: Spider Form
  2031 | D:2      | Reached XP level 4. HP: 26/41 MP: 5/7
  2333 | D:2      | Found a deep blue altar of Sif Muna.
  2654 | D:2      | Found a shadowy altar of Dithmenos.
  2656 | D:2      | Found an ancient bone altar of Kikubaaqudgha.
  2834 | D:3      | Noticed Sigmund
  3094 | D:3      | Noticed Jessica
  3120 | D:3      | Killed Jessica
  3387 | D:3      | Reached skill level 5 in Unarmed Combat
  3387 | D:3      | Reached XP level 5. HP: 48/48 MP: 4/8
  3597 | D:3      | Reached * piety under Makhleb
  3597 | D:3      | Reached skill level 2 in Transmutations
  3597 | D:3      | Reached skill level 1 in Poison Magic
  3682 | D:3      | Found a shattered altar of Ashenzari.
  4087 | D:4      | Noticed Edmund
  4103 | D:4      | Killed Edmund
  4103 | D:4      | Reached XP level 6. HP: 39/55 MP: 7/10
  4310 | D:4      | You fall through a shaft for 2 floors!
  4379 | D:6      | Noticed an ice beast
  4384 | D:6      | Killed an ice beast
  4429 | D:6      | Reached XP level 7. HP: 54/62 MP: 8/12
  4888 | D:5      | Entered Level 5 of the Dungeon
  4888 | D:5      | Found Equ Wupn's Antique Weapon Emporium.
  4935 | D:5      | Found a radiant altar of Vehumet.
  4985 | D:5      | Reached skill level 3 in Transmutations
  5283 | D:5      | Reached XP level 8. HP: 66/70 MP: 12/14
  5464 | D:4      | Learned a level 4 spell: Ice Form
  5557 | D:4      | Found a hazy altar of Hepliaklqana.
  5741 | D:4      | Reached skill level 1 in Ice Magic
  6373 | D:5      | Reached skill level 5 in Poison Magic
  6382 | D:5      | Reached ** piety under Makhleb
  6561 | D:5      | Reached skill level 4 in Transmutations
  7314 | D:6      | Reached skill level 5 in Transmutations
  7699 | D:7      | Reached XP level 9. HP: 84/84 MP: 15/15
  7724 | D:7      | Found a staircase to the Ecumenical Temple.
  7772 | D:7      | Found Mipn's Distillery.
  7780 | D:7      | Bought a potion of lignification for 42 gold pieces
  8380 | D:7      | Reached skill level 6 in Transmutations
  8447 | D:7      | Found a hide-covered altar of Uskayaw.
  8448 | D:7      | Found a basalt altar of Yredelemnul.
  8820 | D:7      | Found a basalt altar of Yredelemnul.
  9159 | D:7      | Reached skill level 7 in Transmutations
  9165 | D:7      | Reached *** piety under Makhleb
  9758 | D:8      | Noticed a two-headed ogre
  9785 | D:8      | Slain by a two-headed ogre

Vault maps used:
D:1:      scummos_arrival_checkerplants
D:2:      grunt_dithmenos_smoke, led_sif_pool, kiku_gazebo_garden_becter,
          lemuel_crystal_altar, first_ration
D:3:      lemuel_crystal_altar, uniq_sigmund, uniq_jessica
D:4:      nicolae_overflow_crystal_walls, serial_bayou_pond_c, uniq_edmund
D:5:      overflow_temple_1_default, serial_shops,
          nicolae_shop_competitors_out_of_business
D:7:      gammafunk_temple_overflow_pools, minmay_temple_entry_statues,
          serial_shops, nicolae_shop_waterfront,
          lemuel_mausoleum_altar_yredelemnul
D:8:      grunt_temple_overflow_diamond

Skill      XL: |  1  2  3  4  5  6  7  8  9 |
---------------+----------------------------+-----
Unarmed Combat | 3 4 5 |  5.2
Transmutations | 2 3 5 7 |  7.5
Poison Magic   | 2 4 5 |  5.0
Dodging        | 2 |  2.5
Spellcasting   | 3 4 |  4.0
Fighting       | 3 4 |  4.3
Ice Magic      | 3 4 |  4.8
Stealth        | |  0.1

Action                   |  1- 3 |  4- 6 |  7- 9 || total
-------------------------+-------+-------+-------++-------
Melee: Unarmed           |   182 |    66 |    35 ||   283
       Headbutt          |     5 |     6 |    12 ||    23
       Kick              |    11 |     5 |    27 ||    43
       Punch             |     5 |     2 |     5 ||    12
       Flail             |       |    21 |   213 ||   234
Throw: Stone             |     2 |       |       ||     2
       Javelin           |       |     5 |     3 ||     8
 Cast: Beastly Appendage |    31 |    14 |    37 ||    82
       Sticks to Snakes  |       |     3 |     4 ||     7
       Spider Form       |       |     1 |     8 ||     9
Evoke: Wand              |       |     3 |     5 ||     8
  Use: Scroll            |     1 |     2 |    12 ||    15
       Potion            |     1 |       |     1 ||     2
 Stab: Sleeping          |     1 |     1 |     6 ||     8
       Paralysed         |       |     8 |    11 ||    19
       Distracted        |       |       |     1 ||     1
  Eat: Chunk             |     4 |     8 |    18 ||    30
Armor: Robe              |    58 |    18 |    87 ||   163
Dodge: Dodged            |   105 |    45 |   117 ||   267

Table legend:
 A = Non-vault XP
 B = Vault XP
 C = Vault XP percentage of total XP
 D = Non-vault monster count
 E = Vault monster count
 F = Vault count percentage of total count
                 A         B        C        D         E       F
            +---------+---------+-------+---------+---------+-------
      Total |    3159 |     984 |  23.8 |     132 |      14 |   9.6
            +---------+---------+-------+---------+---------+-------
        D:1 |      38 |       0 |   0.0 |      22 |       0 |   0.0
        D:2 |      80 |       0 |   0.0 |      26 |       0 |   0.0
        D:3 |     136 |      37 |  21.4 |      11 |       1 |   8.3
        D:4 |     179 |     157 |  46.7 |       8 |       1 |  11.1
        D:5 |     710 |       0 |   0.0 |      20 |       0 |   0.0
        D:6 |     938 |       0 |   0.0 |      25 |       0 |   0.0
        D:7 |     914 |     790 |  46.4 |      18 |      12 |  40.0
        D:8 |     164 |       0 |   0.0 |       2 |       0 |   0.0
            +---------+---------+-------+---------+---------+-------
